 Dungeon Crawl Stone Soup version 0.23.2-40-g277498a001 (webtiles) character file.

Game seed: 5453698044940515036

6099 MalarOregon the Destroyer (level 10, 0/84 HPs)
             Began as a Grey Draconian Conjurer on Sept 6, 2019.
             Was a Follower of Nemelex Xobeh.
             Slain by a phantom (1 damage)
             ... on level 8 of the Dungeon on Sept 7, 2019.
             The game lasted 00:38:10 (12510 turns).

MalarOregon the Destroyer (DrCj)                   Turns: 12510, Time: 00:38:10

Health: 0/84       AC: 17    Str: 10    XL:     10   Next: 58%
Magic:  1/19       EV: 15    Int: 19    God:    Nemelex Xobeh [*.....]
Gold:   106        SH:  0    Dex: 12    Spells: 12/22 levels left

rFire    . . .     SeeInvis .   q - +1 war axe (venom)
rCold    . . .     Gourm    .   (no shield)
rNeg     . . .     Faith    .   (armour unavailable)
rPois    .         Spirit   .   (helmet restricted)
rElec    .         Reflect  .   G - +0 cloak
rCorr    .         Harm     .   B - +0 pair of gloves
MR       .....                  (no boots)
Stlth    +++.......             (no amulet)
HPRegen  0.24/turn              g - +3 ring of protection (curse)
MPRegen  0.16/turn              s - +1 ring of slaying

@: slowed, very slow
A: walk through water, unfitting armour, unbreathing, cold-blooded, AC +12
a: Draw Escape, Draw Destruction, Draw Summoning, Renounce Religion


You were on level 8 of the Dungeon.
You worshipped Nemelex Xobeh.
Nemelex Xobeh was aware of your devotion.
You were hungry.

You visited 2 branches of the dungeon, and saw 9 of its levels.
You also visited: Ossuary.

You collected 532 gold pieces.
You spent 426 gold pieces at shops.

Inventory:

Hand Weapons
 q - a +1 war axe of venom (weapon)
   (You took it off an orc on level 7 of the Dungeon)
 H - a +1 rapier of flaming
   (You took it off Eustachio on level 5 of the Dungeon)
Armour
 p - a +0 shield
   (You found it on level 3 of the Dungeon)
 A - a scarf of repulsion
   (You bought it in a shop on level 5 of the Dungeon)
 B - a +0 pair of gloves (worn)
   (You found it on level 6 of the Dungeon)
 G - a +0 cloak (worn)
   (You took it off Crazy Yiuf on level 7 of the Dungeon)
Jewellery
 g - a cursed +3 ring of protection (left hand)
   (You found it on level 1 of the Dungeon)
 m - an uncursed ring of fire
   (You found it on level 2 of the Dungeon)
 s - a +1 ring of slaying (right hand)
   (You found it on level 3 of the Dungeon)
 v - a +5 ring of intelligence {unknown}
   (You found it in an ossuary)
Wands
 r - a wand of enslavement (8)
   (You found it on level 7 of the Dungeon)
 t - a wand of flame (16)
   (You found it on level 4 of the Dungeon)
 u - a wand of paralysis (6)
   (You bought it in a shop on level 4 of the Dungeon)
Scrolls
 a - 16 scrolls of identify {@r1}
 b - 2 scrolls of immolation {!r}
 c - 7 scrolls of teleportation {@r4}
 d - 5 scrolls of magic mapping {unknown}
 h - a scroll of blinking {unknown}
 j - 10 scrolls of remove curse {@r2}
 l - 3 scrolls of amnesia {unknown}
 y - 4 scrolls of fog {unknown}
 C - a scroll of summoning {unknown}
 D - a scroll of random uselessness {unknown}
 E - 2 scrolls of enchant weapon {unknown}
Potions
 f - 2 potions of lignification {unknown}
 i - 5 potions of heal wounds {unknown}
 k - 6 potions of haste {unknown}
 n - 3 potions of might {unknown}
 o - 2 potions of curing {unknown}
 w - 2 potions of berserk rage {unknown}
 x - 2 potions of degeneration {unknown}
 z - 2 potions of brilliance {unknown}
 F - a potion of ambrosia {unknown}
Comestibles
 e - 5 rations {!d}


   Skills:
 + Level 6.7 Fighting
 + Level 6.0 Dodging
 + Level 6.4 Stealth
 * Level 6.5 Spellcasting
 * Level 9.8 Conjurations
 + Level 2.7 Invocations
 + Level 2.5 Evocations


You had 12 spell levels left.
You knew the following spells:

 Your Spells              Type           Power        Failure   Level  Hunger
a - Magic Dart            Conj           ####         1%          1    None
b - Dazzling Spray        Conj/Hex       ###...       4%          3    ##.....
s - Searing Ray           Conj           #####.       1%          2    None
x - Iskenderun's Mystic   Conj           #####...     1%          4    ####...

Your spell library contained the following spells:

 Spells                   Type           Power        Failure   Level  Hunger
 Force Lance              Conj/Tloc      ###.....     14%         4    ####...
 Fulminant Prism          Conj/Hex       ###.......   14%         4    ####...


Dungeon Overview and Level Annotations

Branches:
Dungeon (8/15)             Temple (1/1) D:4
   Lair: D:8-11

Altars:
Ashenzari
Cheibriados
Dithmenos
Elyvilon
Fedhas
Gozag
Hepliaklqana
Kikubaaqudgha
Makhleb
Nemelex Xobeh
Okawaru
Qazlal
Ru
Sif Muna
Trog
Uskayaw
Vehumet
Wu Jian
Xom
Yredelemnul
Zin
The Shining One

Shops:
D:4 *[   D:5 [


Innate Abilities, Weirdness & Mutations

You can walk through water.
Your dull iron-grey scales are very hard. (AC +12)
You cannot fit into any form of body armour.
You can survive without breathing.
You are cold-blooded and may be slowed by cold attacks.


Message History

* * * LOW HITPOINT WARNING * * *
The phantom blinks!
All of the chunks of flesh in your inventory have rotted away.
Unknown command.
You barely miss Harold.
Harold hits you with a cursed +0 war axe.
* * * LOW HITPOINT WARNING * * *
Harold hits you with a cursed +0 war axe.
* * * LOW HITPOINT WARNING * * *
Unknown command.
Aim: a phantom The spray of energy hits the phantom.
The spray of energy hits Harold but does no damage.
Harold is dazzled.
Harold hits you but does no damage. The phantom hits you.
* * * LOW HITPOINT WARNING * * *
Harold hits you with a cursed +0 war axe!
* * * LOW HITPOINT WARNING * * *
You hit Harold.
Harold looks as sick as possible!
You hit the phantom.
The phantom hits you but does no damage.
Harold completely misses you.
The phantom hits you but does no damage.
You barely miss Harold. You miss the phantom.
Harold is no longer blind.
Harold closely misses you. The phantom closely misses you.
The phantom hits you but does no damage.
Harold barely misses you. The phantom barely misses you.
Aim: a phantom (moderately damaged)
The spray of energy hits the phantom!
The spray of energy misses Harold.
Harold misses you.
The phantom hits you but does no damage.
Harold completely misses you.
Unknown command.
Aim: a phantom (heavily damaged)
The spray of energy hits the phantom.
The spray of energy hits Harold.
Harold is dazzled.
The phantom closely misses you. Harold completely misses you.
The phantom closely misses you.
You slash Harold!
Harold looks as sick as possible!
You barely miss the phantom. Harold closely misses you.
The phantom barely misses you.
The phantom hits you but does no damage.
Harold hits you with a cursed +0 war axe!
* * * LOW HITPOINT WARNING * * *
You hit Harold but do no damage. You tail-slap Harold, but do no damage.
You closely miss the phantom.
You kill Harold!
Harold groans, "My... family..." and then collapses, dead.
Your Dodging skill increases to level 6!
The phantom hits you but does no damage.
The phantom hits you.
You die...
Your body disappears without a glow.

# ..... ##.##.......
#### #.#.#......# #
##..###.#......... .###
##.....#..........#
......#.###............#
......#...###........#.#
.##.#..#....#.......$?.#
#.....##........@W......
.......##...#..#.)#...##
.......#....#..##.# ..#
..............## ..#
..#..(...##....##....
..#......#.......##...
#.##......#............
#..#...).##...........#
#................... .


You could see a phantom.

Vanquished Creatures
  Harold (D:8)
  Erica (D:8)
  Joseph (D:7)
  The ghost of Exodus22XD the Chopper, an amateur HOFi of Beogh (D:5)
  A slime creature (D:6)
  Eustachio (D:5)
  Sigmund (D:5)
  Grum (D:7)
  Menkaure (D:4)
  An orc warrior (D:7)
  An ice beast (D:6)
  A sky beast (D:7)
  2 phantoms
  A centaur (D:8)
  4 wolves (D:7)
  3 ogres
  3 bullfrogs
  Blork the orc (D:6)
  4 scorpions (Ossuary)
  2 killer bees
  A water moccasin skeleton (D:6)
  3 wights (D:7)
  A howler monkey (D:5)
  2 bullfrog zombies (D:5)
  5 human zombies (Ossuary)
  4 centaur zombies (Ossuary)
  3 hounds
  10 orc wizards
  Crazy Yiuf (D:7)
  A centaur skeleton (D:5)
  14 jellies
  An iguana (D:6)
  3 worker ants
  3 big kobold zombies (Ossuary)
  A hound zombie (D:5)
  3 mummies (Ossuary)
  A worker ant zombie (D:8)
  2 scorpion zombies (Ossuary)
  8 adders
  2 shadow imps
  10 oozes
  2 adder skeletons
  4 worms
  A dart slug (D:1)
  5 leopard geckos
  23 orcs
  3 bats
  4 giant cockroaches
  7 goblins
  6 hobgoblins
  8 jackals (D:2)
  8 kobolds
  5 quokkas
  2 ball pythons (D:6)
  2 frilled lizards
  4 gnoll zombies (Ossuary)
  2 goblin zombies (Ossuary)
  A hobgoblin zombie (Ossuary)
  A jackal zombie (D:5)
  2 kobold zombies (Ossuary)
  A leopard gecko skeleton (D:4)
  A leopard gecko zombie (D:6)
  An orc zombie (Ossuary)
  A quokka skeleton (D:4)
  7 rats
212 creatures vanquished.

Vanquished Creatures (others)
  2 scorpions (Ossuary)
  A kobold zombie (Ossuary)
  6 fungi (D:7)
9 creatures vanquished.

Grand Total: 221 creatures vanquished

Notes
Turn   | Place    | Note
-------+----------+-------------------------------------------
     0 | D:1      | MalarOregon the Draconian Conjurer began the quest for the
                  | Orb.
     0 | D:1      | Reached XP level 1. HP: 14/14 MP: 3/3
   393 | D:1      | Reached XP level 2. HP: 22/22 MP: 0/5
  1214 | D:2      | Learned a level 2 spell: Searing Ray
  1338 | D:2      | Reached skill level 1 in Fighting
  1338 | D:2      | Reached XP level 3. HP: 28/28 MP: 2/6
  1410 | D:2      | Learned a level 3 spell: Dazzling Spray
  1734 | D:2      | Reached XP level 4. HP: 31/35 MP: 1/7
  2644 | D:3      | Found a burning altar of Makhleb.
  3112 | D:3      | Reached XP level 5. HP: 40/41 MP: 5/8
  3224 | D:3      | Reached skill level 5 in Conjurations
  3472 | D:4      | Found Sucipp's Armour Boutique.
  3546 | D:4      | Noticed an ogre
  3552 | D:4      | Killed an ogre
  3552 | D:4      | Reached XP level 6. HP: 50/50 MP: 2/10
  3564 | D:4      | Found a shattered altar of Ashenzari.
  3565 | D:4      | Found a glowing golden altar of the Shining One.
  3565 | D:4      | Found a sparkling altar of Nemelex Xobeh.
  3568 | D:4      | Found a radiant altar of Vehumet.
  3808 | D:4      | Found Fuefanos's General Store.
  3812 | D:4      | Bought a scroll of identify for 26 gold pieces
  3812 | D:4      | Bought a scroll of remove curse for 39 gold pieces
  3812 | D:4      | Bought a wand of paralysis (7) for 117 gold pieces
  3942 | D:4      | Found a shimmering altar of Xom.
  3945 | D:4      | Found a hazy altar of Hepliaklqana.
  3948 | D:4      | Found a sacrificial altar of Ru.
  4106 | D:4      | Found a staircase to the Ecumenical Temple.
  4112 | D:4      | Found a sand-covered staircase.
  4121 | Ossuary  | Entered an ossuary
  4194 | Ossuary  | Learned a level 4 spell: Iskenderun's Mystic Blast
  4426 | Ossuary  | Your scales start taking on a dull iron-grey colour.
  4426 | Ossuary  | Reached XP level 7. HP: 50/57 MP: 2/11
  4426 | Ossuary  | Gained mutation: You can survive without breathing. [Grey
                  | Draconian growth]
  4461 | Ossuary  | Reached skill level 6 in Conjurations
  5036 | Ossuary  | HP: 2/57 [poisoned by a scorpion]
  5815 | Temple   | Entered the Ecumenical Temple
  5946 | D:4      | Found an opulent altar of Gozag.
  5950 | D:4      | Became a worshipper of Nemelex Xobeh the Trickster
  6174 | D:4      | Received a gift from Nemelex Xobeh
  6548 | D:5      | Entered Level 5 of the Dungeon
  6655 | D:5      | Reached XP level 8. HP: 53/66 MP: 0/13
  6766 | D:5      | Noticed Menkaure
  6791 | D:4      | Killed Menkaure
  6959 | D:5      | Noticed Sigmund
  7078 | D:5      | Reached skill level 7 in Conjurations
  7168 | D:5      | Killed Sigmund
  7301 | D:5      | Found a runed translucent gate.
  7302 | D:5      | Found a runed translucent gate.
  7305 | D:5      | Found a runed translucent gate.
  7308 | D:5      | Noticed Exodus22XD's ghost (amateur HOFi)
  7377 | D:5      | Found Guwnac's Antique Armour Emporium.
  7393 | D:5      | Bought an embroidered scarf for 160 gold pieces
  8294 | D:6      | Noticed Blork the orc
  8294 | D:6      | Noticed Eustachio
  8326 | D:6      | Killed Blork the orc
  8669 | D:5      | Killed Eustachio
  9025 | D:7      | Noticed Joseph
  9121 | D:5      | HP: 3/67 [Exodus22XD's ghost (9)]
  9334 | D:5      | Killed Exodus22XD's ghost
  9334 | D:5      | Reached skill level 5 in Fighting
  9334 | D:5      | Reached skill level 5 in Stealth
  9334 | D:5      | Reached skill level 8 in Conjurations
  9334 | D:5      | Reached XP level 9. HP: 43/74 MP: 3/16
  9446 | D:4      | Bought a scroll of immolation for 45 gold pieces
  9446 | D:4      | Bought a scroll of teleportation for 39 gold pieces
  9791 | D:7      | Killed Joseph
  9791 | D:7      | Reached skill level 5 in Dodging
  9791 | D:7      | Reached skill level 5 in Spellcasting
 10776 | D:7      | Reached * piety under Nemelex Xobeh
 10820 | D:7      | Reached skill level 9 in Conjurations
 10827 | D:7      | Received a gift from Nemelex Xobeh
 11048 | D:7      | Found a bloodstained altar of Trog.
 11051 | D:7      | Found a white marble altar of Elyvilon.
 11054 | D:7      | Found a stormy altar of Qazlal.
 11062 | D:7      | Found a basalt altar of Yredelemnul.
 11330 | D:7      | Reached skill level 1 in Invocations
 11347 | D:6      | Reached skill level 1 in Evocations
 11588 | D:7      | Found a runed translucent door.
 11589 | D:7      | Noticed Crazy Yiuf
 11758 | D:7      | Killed Crazy Yiuf
 11758 | D:7      | Reached XP level 10. HP: 73/83 MP: 18/18
 11807 | D:8      | Noticed a two-headed ogre
 11902 | D:8      | Noticed Grum
 12135 | D:7      | Killed Grum
 12486 | D:8      | Noticed Erica
 12492 | D:8      | Noticed Harold
 12502 | D:8      | Killed Erica
 12509 | D:8      | HP: 1/84 [Harold/cursed +0 war axe (8)]
 12510 | D:8      | Killed Harold
 12510 | D:8      | Slain by a phantom

Skill      XL: |  1  2  3  4  5  6  7  8  9 10 |
---------------+-------------------------------+-----
Stealth        | 2 3 4 5 6 |  6.4
Dodging        | 2 3 4 5 6 |  6.0
Fighting       | 1 2 3 5 6 |  6.7
Conjurations   | 5 6 8 9 |  9.8
Spellcasting   | 3 4 5 6 |  6.5
Invocations    | 1 2 |  2.7
Evocations     | 1 2 |  2.5

Action                   |  1- 3 |  4- 6 |  7- 9 | 10-12 || total
-------------------------+-------+-------+-------+-------++-------
Melee: Dagger            |    14 |   124 |   391 |       ||   529
       Unarmed           |     1 |       |       |       ||     1
       Tailslap          |     1 |    17 |    69 |     4 ||    91
       War axe           |       |       |    35 |    59 ||    94
 Cast: Magic Dart        |    52 |    24 |   118 |       ||   194
       Searing Ray       |     4 |    19 |     2 |       ||    25
       Dazzling Spray    |       |     3 |    13 |    10 ||    26
       Iskenderun's Myst |       |       |    83 |     9 ||    92
Evoke: Wand              |       |       |    10 |       ||    10
  Use: Potion            |       |       |     1 |       ||     1
 Stab: Sleeping          |     1 |     5 |     2 |       ||     8
       Invisible         |       |       |     1 |     1 ||     2
       Paralysed         |       |       |     3 |       ||     3
       Distracted        |       |       |     1 |       ||     1
  Eat: Chunk             |     3 |     8 |    16 |     1 ||    28
       Ration            |       |     1 |     7 |     1 ||     9
Armor: Skin              |    21 |    36 |   242 |    70 ||   369
Dodge: Dodged            |    26 |    67 |   373 |   137 ||   603
       Deflected         |       |       |    18 |       ||    18
